 Dungeon Crawl Stone Soup version 0.27-a0-91-g4f573a835d (webtiles) character file.

Game seed: 4102710532530828014

2627 Essalna the Thaumaturge (level 9, -10/51 HPs)
             Began as a Deep Elf Air Elementalist on Jan 15, 2021.
             Was a Believer of Vehumet.
             Mangled by an orc knight
             ... wielding a +3 great mace
              (32 damage)
             ... in a bailey.
             The game lasted 00:25:09 (7952 turns).

Essalna the Thaumaturge (Deep Elf Air Elementalist) Turns: 7952, Time: 00:25:09

Health: -10/51     AC:  6    Str:  5    XL:     9   Next: 35%
Magic:  5/24       EV: 14    Int: 31    God:    Vehumet [**....]
Gold:   325        SH:  0    Dex: 15    Spells: 20/27 levels left

rFire    x . .     SeeInvis .   i - +4 short sword
rCold    . . .     Faith    .   (no shield)
rNeg     . . .     Spirit   .   A - +1 leather armour "Fusowkog" {rF- Int+7}
rPois    .         Reflect  .   (no helmet)
rElec    .         Harm     .   D - +0 cloak
rCorr    .         Rampage  .   (no gloves)
Will     .....                  e - +0 pair of boots
Stlth    ++........             (no amulet)
HPRegen  0.17/turn              (no ring)
MPRegen  0.19/turn              (no ring)

@: no status effects
A: no striking features
a: Renounce Religion


You were in a bailey.
You worshipped Vehumet.
Vehumet was pleased with you.
You visited 2 branches of the dungeon, and saw 8 of its levels.
You also visited: Bailey.

You collected 325 gold pieces.

Inventory:

Hand Weapons
 d - a +0 dagger
 i - a +4 short sword (weapon)
Armour
 a - a +0 robe
 e - a +0 pair of boots (worn)
 A - the +1 leather armour "Fusowkog" (worn) {rF- Int+7}
   (You found it on level 5 of the Dungeon)

   It affects your intelligence (+7).
   It makes you vulnerable to fire.
 D - a +0 cloak (worn)
Jewellery
 v - an uncursed ring of poison resistance {unknown}
 x - an uncursed amulet of magic regeneration {unknown}
Wands
 s - a wand of flame (27)
 u - a wand of random effects (36)
 w - a wand of disintegration (17)
 C - a wand of digging (5)
 E - a wand of polymorph (13)
Scrolls
 c - a scroll of random uselessness
 f - 2 scrolls of remove curse
 j - a scroll of teleportation
 l - 4 scrolls of identify
 o - 3 scrolls of fog {unknown}
 p - a scroll of magic mapping
 r - a scroll of enchant weapon {unknown}
 t - 2 scrolls of amnesia {unknown}
 y - a scroll of blinking {unknown}
 B - a scroll of brand weapon {unknown}
 H - a scroll of acquirement {unknown}
Potions
 b - a potion of ambrosia
 g - 7 potions of curing
 h - a potion of berserk rage {unknown}
 k - 2 potions of brilliance {unknown}
 m - 4 potions of lignification {unknown}
 n - 4 potions of degeneration {unknown}
 q - 4 potions of mutation {unknown}
 z - 2 potions of flight {unknown}
 F - 4 potions of heal wounds
 G - 4 potions of magic {unknown}


   Skills:
 + Level 3.5 Fighting
 + Level 3.4 Armour
 + Level 5.7 Dodging
 - Level 2.4 Stealth
 + Level 9.5 Spellcasting
 - Level 3.1 Conjurations
 + Level 7.5 Air Magic


You had 20 spell levels left.
You knew the following spells:

 Your Spells              Type           Power        Failure   Level
a - Shock                 Conj/Air       100%         1%          1
b - Swiftness             Air            57%          1%          2
c - Airstrike             Air            28%          2%          4

Your spell library contained the following spells:

 Spells                   Type           Power        Failure   Level
 Inner Flame              Hex/Fire       14%          16%         3
 Magic Dart               Conj           100%         1%          1
 Static Discharge         Conj/Air       47%          1%          3
 Mephitic Cloud           Conj/Pois/Air  36%          3%          3
 Beastly Appendage        Tmut           28%          5%          1
 Summon Small Mammal      Summ           56%          5%          1
 Blink                    Tloc           N/A          9%          2
 Call Imp                 Summ           14%          9%          2
 Slow                     Hex            14%          9%          2
 Wereblood                Tmut           14%          9%          2
 Conjure Flame            Conj/Fire      24%          9%          3
 Summon Lightning Spire   Summ/Air       38%          12%         4
 Call Canine Familiar     Summ           14%          16%         3
 Spider Form              Tmut/Pois      7%           16%         3
 Summon Guardian Golem    Hex/Summ       14%          16%         3
 Lightning Bolt           Conj/Air       23%          17%         5
 Ice Form                 Ice/Tmut       14%          47%         4
 Summon Ice Beast         Ice/Summ       14%          47%         4
 Blade Hands              Tmut           7%           83%         5


Dungeon Overview and Level Annotations

Branches:
Dungeon (7/15)             Temple (1/1) D:5          Bailey (1/1)

Altars:
Cheibriados
Dithmenos
Elyvilon
Fedhas
Hepliaklqana
Makhleb
Nemelex Xobeh
Qazlal
Ru
Sif Muna
Trog
Uskayaw
Vehumet
Yredelemnul
Zin

Shops:
D:5 :


Message History

The orc knight is heavily wounded.
The orc knight completely misses you.
Casting: Airstrike (dangerous; 2% risk of failure)
Confirm with . or Enter, or press ? or * to list all spells.
Aiming: Airstrike (dangerous; 2% risk of failure)
Press: ? - help, Dir - move target, f/p - orc knight
Aim: an orc knight, wielding a +3 great mace and wearing a +3 chain mail (heavily wounded)
The air twists around and strikes the orc knight!
The orc knight is severely wounded.
The orc knight misses you.
Casting: Airstrike (dangerous; 2% risk of failure)
Confirm with . or Enter, or press ? or * to list all spells.
Aiming: Airstrike (dangerous; 2% risk of failure)
Press: ? - help, Dir - move target, f/p - orc knight
Aim: an orc knight, wielding a +3 great mace and wearing a +3 chain mail (severely wounded)
The air twists around and strikes the orc knight!
The orc knight is almost dead.
The orc knight hits you with a +3 great mace!!
Ouch! That really hurt!
You die...

##.....## ##.....##
##'##'##'###'##'##)##
#.###.###.#.###.###.#
### ### ##### ### #'#
#.# #.###.#.# #.###(#
#'##'##'###'##'##'##
#.....## #..(..##
###..(..#####...o.###
#.'..∩..'.#.'..@..'.#
###()...#####.(...###
##)....## ##((...#
##o##'##'###)##'##'#
#∩###.###.')###.# #.#
### ### ##### ### ##


You could see an orc knight.

Vanquished Creatures
  Sigmund (D:4)
  Eustachio (D:4)
  2 sky beasts (D:6)
  An orc warrior (D:6)
  3 centaurs
  4 ogres
  A bullfrog (D:7)
  A gnoll sergeant (D:6)
  A scorpion (D:4)
  6 killer bees (D:7)
  A jelly (D:5)
  A centaur zombie (D:3)
  A hound (D:5)
  3 orc priests
  A centaur skeleton (D:4)
  4 orc wizards
  Crazy Yiuf (D:5)
  3 iguanas (D:5)
  A worker ant (D:6)
  A hound skeleton (D:4)
  A howler monkey zombie (D:6)
  18 gnolls
  16 adders
  2 shadow imps (D:5)
  A white imp (D:7)
  2 oozes
  An adder skeleton (D:6)
  3 worms
  2 dart slugs
  11 leopard geckos
  33 orcs
  8 bats
  8 giant cockroaches
  14 hobgoblins
  6 jackals
  17 kobolds
  9 quokkas
  A ball python (D:4)
  4 frilled lizards
  13 goblins
  A quokka skeleton (D:4)
  6 rats
215 creatures vanquished.

Vanquished Creatures (others)
  An orc wizard (D:7)
  A plant (D:5)
2 creatures vanquished.

Grand Total: 217 creatures vanquished

Notes
Turn   | Place    | Note
-------+----------+-------------------------------------------
     0 | D:1      | Essalna the Deep Elf Air Elementalist began the quest for
                  | the Orb.
     0 | D:1      | Reached XP level 1. HP: 10/10 MP: 6/6
   337 | D:1      | Reached XP level 2. HP: 15/15 MP: 6/8
   758 | D:1      | Learned a level 2 spell: Swiftness
  1197 | D:2      | Reached XP level 3. HP: 19/19 MP: 5/10
  1423 | D:2      | Reached skill level 4 in Spellcasting
  1523 | D:2      | Reached XP level 4. HP: 11/24 MP: 0/12
  2298 | D:3      | Reached XP level 5. HP: 24/28 MP: 4/14
  2377 | D:3      | Learned a level 4 spell: Airstrike
  2580 | D:3      | Reached skill level 5 in Spellcasting
  2745 | D:3      | Noticed an ogre
  2753 | D:3      | Killed an ogre
  2754 | D:3      | Reached XP level 6. HP: 30/32 MP: 3/16
  2788 | D:3      | Reached skill level 6 in Spellcasting
  3098 | D:3      | Reached skill level 5 in Air Magic
  3413 | D:4      | Noticed Eustachio
  3450 | D:4      | Killed Eustachio
  3471 | D:4      | Noticed Sigmund
  3497 | D:4      | Killed Sigmund
  3498 | D:4      | Reached skill level 7 in Spellcasting
  3498 | D:4      | Reached XP level 7. HP: 32/36 MP: 4/19
  3648 | D:4      | Got an ancient robe
  3659 | D:4      | Identified the cursed +0 robe of Yredelemnul's Delight
                  | {Will+ rCorr Dex-2 SInv} (You found it on level 4 of the
                  | Dungeon)
  3828 | D:4      | Reached skill level 1 in Fighting
  3828 | D:4      | Reached skill level 1 in Armour
  4158 | D:4      | Reached skill level 8 in Spellcasting
  4169 | D:4      | Reached XP level 8. HP: 38/43 MP: 13/22
  4318 | D:5      | Entered Level 5 of the Dungeon
  4342 | D:5      | Found a staircase to the Ecumenical Temple.
  4342 | D:5      | Found Kikk's Book Shoppe.
  4354 | Temple   | Entered the Ecumenical Temple
  4430 | Temple   | Became a worshipper of Vehumet
  4682 | D:5      | Found a shadowy altar of Dithmenos.
  4686 | D:5      | Got a pitted leather armour
  4701 | D:5      | Identified the +1 leather armour "Fusowkog" {rF- Int+7}
                  | (You found it on level 5 of the Dungeon)
  4963 | D:5      | Found a blossoming altar of Fedhas.
  5185 | D:5      | Found a runed translucent door.
  5186 | D:5      | Noticed Crazy Yiuf
  5191 | D:5      | Killed Crazy Yiuf
  5915 | D:6      | Reached * piety under Vehumet
  5915 | D:6      | Offered knowledge of Freeze by Vehumet.
  6198 | D:6      | Reached skill level 5 in Dodging
  6198 | D:6      | Reached skill level 9 in Spellcasting
  6369 | D:6      | Reached XP level 9. HP: 49/49 MP: 11/24
  7217 | D:7      | Found a flagged portal.
  7227 | Bailey   | Entered a bailey
  7308 | Bailey   | Reached ** piety under Vehumet
  7308 | Bailey   | Offered knowledge of Sandblast by Vehumet.
  7573 | Bailey   | Noticed an orc knight
  7584 | Bailey   | Offered knowledge of Inner Flame by Vehumet.
  7952 | Bailey   | Mangled by an orc knight

Illustrated notes

Levels and vault maps discovered:
D:1:      mainiacjoe_arrival_reflecting_pool, layout_basic, st_stairs_3
D:2:      layout_rooms
D:3:      layout_rooms, hangedman_decor_push
D:4:      layout_basic, uniq_sigmund, uniq_eustachio
D:5:      layout_basic, nicolae_dithmenos_shadow_blocks,
          minmay_temple_entry_grid, serial_shops, shop, fedhas_ov_isle_minmay,
          uniq_crazy_yiuf_cottage
D:6:      layout_rooms, serial_co_window_serial, co_window_paths_a,
          co_window_corner_a, co_window_corner_a, co_window_paths_b,
          co_window_paths_a, co_window_of_opportunity_c, co_window_2corner,
          co_window_2corner, co_window_of_opportunity_c,
          co_window_of_opportunity_c, co_window_paths_d, glass_columns_b,
          glass_columns_b, glass_columns_b
D:7:      layout_loops_ring, nzn_wu_jian_contemplation,
          grunt_temple_overflow_open, enter_ossuary_1, enter_bailey_4,
          basic_altar, feat_on_display
Temple:   eino_temple_water
Bailey:   bailey_axe_2, bailey

Skill      XL: |  1  2  3  4  5  6  7  8  9 |
---------------+----------------------------+-----
Conjurations   | 2 3 |  3.1
Spellcasting   | 4 5 7 8 9 |  9.5
Air Magic      | 4 6 7 |  7.5
Fighting       | 1 2 3 |  3.5
Armour         | 1 2 3 |  3.4
Dodging        | 3 5 |  5.7
Stealth        | |  2.4

Action                   |  1- 3 |  4- 6 |  7- 9 || total
-------------------------+-------+-------+-------++-------
Melee: Dagger            |     5 |       |       ||     5
       Short sword       |    20 |    24 |    32 ||    76
 Cast: Shock             |    68 |   140 |   226 ||   434
       Airstrike         |       |       |    48 ||    48
  Use: Potion            |     1 |     1 |     1 ||     3
       Scroll            |       |     5 |     5 ||    10
 Stab: Sleeping          |       |     3 |       ||     3
Armor: Robe              |     5 |    13 |     1 ||    19
       Leather armour    |       |       |    29 ||    29
Dodge: Dodged            |    39 |    44 |    89 ||   172

Table legend: (Time is in decaauts)
 A = Elapsed time spent in this place.
 B = Non-inter-level travel time spent in this place.
 C = Inter-level travel time spent in this place.
 D = Time resting spent in this place.
 E = Time spent auto-exploring this place.
 F = Levels seen in this place.
 G = Mean time per level.
                   A        B        C        D        E       F      G
               +--------+--------+--------+--------+--------+-----+--------+
         Total |   7963 |   7666 |    297 |    238 |   6219 |   9 |  884.8 |
       Dungeon |   7144 |   6868 |    276 |      0 |   5824 |   7 | 1020.6 |
        Temple |     93 |     72 |     21 |      0 |     70 |   1 |   93.0 |
        Bailey |    724 |    724 |      0 |    238 |    325 |   1 |  724.0 |
               +--------+--------+--------+--------+--------+-----+--------+

Top non-repeatable levels by time:
     D:6: 1604 daAuts
     D:3: 1183 daAuts
     D:1: 1131 daAuts
     D:2: 1071 daAuts
     D:5: 987 daAuts
     D:4: 935 daAuts
  Bailey: 724 daAuts
     D:7: 230 daAuts
  Temple: 93 daAuts
